 Dungeon Crawl Stone Soup version 0.22-a0-570-g58866f5 (webtiles) character file.

3777 Hebeh the Cleaver (level 9, -6/81 HPs)
             Began as a Minotaur Fighter on June 30, 2018.
             Was a Follower of Trog.
             Mangled by an orc warrior
             ... wielding a +0 short sword
              (13 damage)
             ... on level 7 of the Dungeon.
             The game lasted 00:20:58 (5395 turns).

Hebeh the Cleaver (Minotaur Fighter)                Turns: 5395, Time: 00:20:59

Health: -6/81      AC: 10    Str: 24    XL:     9   Next: 95%
Magic:  9/9        EV: 14    Int:  5    God:    Trog [*.....]
Gold:   353        SH: 11    Dex: 10    Spells: 8/8 levels left

rFire    + + .     SeeInvis .   q - +2 war axe (chop)
rCold    . . .     Gourm    .   c - +0 shield
rNeg     . . .     Faith    .   n - +1 scale mail {rF+}
rPois    .         Spirit   .   (helmet restricted)
rElec    .         Reflect  .   (no cloak)
rCorr    .         Harm     .   i - +0 pair of gloves
MR       .....                  (no boots)
Stlth    ..........             u - amulet of the acrobat
HPRegen  0.23/turn              y - +6 ring of evasion
MPRegen  0.11/turn              w - ring of protection from fire

@: no status effects
A: retaliatory headbutt, horns 2
a: Berserk, Renounce Religion


You were on level 7 of the Dungeon.
You worshipped Trog.
Trog was aware of your devotion.
You were not hungry.

You visited 2 branches of the dungeon, and saw 8 of its levels.

You collected 353 gold pieces.

Inventory:

Hand Weapons
 l - a +0 hunting sling
 q - a +2 war axe of chopping (weapon)
Missiles
 a - 85 sling bullets
Armour
 b - a +0 scale mail
 c - a +0 shield (worn)
 i - a +0 pair of gloves (worn)
 n - a +1 scale mail of fire resistance (worn)
Jewellery
 p - a +1 ring of protection
 u - an amulet of the acrobat (around neck)
 w - a ring of protection from fire (right hand)
 y - a +6 ring of evasion (left hand)
Wands
 s - a wand of flame (36)
 D - a wand of acid (6)
Scrolls
 g - a scroll of fear {unknown}
 h - 2 scrolls of fog
 j - 5 scrolls of remove curse
 m - a scroll of identify
 o - 2 scrolls of immolation
 x - 2 scrolls of teleportation
 z - a scroll of acquirement {unknown}
 F - a scroll of enchant armour {unknown}
Potions
 d - a potion of might
 e - 3 potions of curing
 k - 2 potions of lignification {unknown}
 r - 2 potions of heal wounds {unknown}
 t - a potion of brilliance {unknown}
 v - 3 potions of flight {unknown}
 A - a potion of ambrosia {unknown}
 B - a potion of resistance {unknown}
 C - a potion of berserk rage {unknown}
Comestibles
 f - 12 rations
 E - 2 chunks of flesh


   Skills:
 + Level 8.3 Fighting
 * Level 10.5 Axes
 + Level 2.7 Slings
 + Level 8.2 Armour
 + Level 8.2 Shields
 + Level 2.3 Evocations


You had 8 spell levels left.
You didn't know any spells.
Your spell library contained the following spells:

 Spells                   Type           Power        Failure   Level  Hunger
 Confuse                  Hex            #.......     100%        3    ####...
 Confusing Touch          Hex            #.....       95%         1    ##.....
 Metabolic Englaciation   Hex/Ice        #.........   100%        5    ######.
 Petrify                  Tmut/Erth      #.......     100%        4    #####..
 Gell's Gravitas          Tloc           #.........   100%        3    ####...
 Yara's Violent Unravell  Hex/Tmut       #.........   100%        5    ######.


Dungeon Overview and Level Annotations

Branches:
Dungeon (7/15)             Temple (1/1) D:4

Altars:
Ashenzari
Cheibriados
Elyvilon
Fedhas
Gozag
Hepliaklqana
Kikubaaqudgha
Nemelex Xobeh
Okawaru
Sif Muna
Trog
Uskayaw
Xom
Yredelemnul
Zin
The Shining One

Shops:
D:6 %(::(


Innate Abilities, Weirdness & Mutations

You reflexively headbutt those who attack you in melee.
You have a pair of horns on your head.


Message History

The orc warrior barely misses you.
You hit the orc warrior.
The orc warrior is almost dead.
You block the orc warrior's attack.
You hit the orc warrior but do no damage.
You headbutt the orc warrior, but do no damage.
The orc warrior is almost dead.
You block the orc warrior's attack.
You closely miss the orc warrior.
The orc warrior is almost dead.
The orc warrior misses you. You furiously retaliate!
You headbutt the orc warrior. You completely miss the orc warrior.
You headbutt the orc warrior, but do no damage.
The orc warrior is almost dead.
You block the orc warrior's attack.
You hit the orc warrior but do no damage.
The orc warrior is almost dead.
The orc warrior hits you with a short sword!
You die...

#..#..>.)........#
#.(#....'.......[#
#.(######......###
#))#..[.#♣PP..##
#..#....#♣P♣..#
#..#....#♣♣PP.#
#.(#.$..# P♣...
#((#)...#PP P.
#)o@)..?#..
#[.))...#..
#..#....#♣P
#..#....#
#..#....#
#++######


You could see an orc warrior.

Vanquished Creatures
  Sigmund (D:3)
  9 yaks
  A hungry ghost (D:7)
  An ice beast (D:5)
  3 ogres
  A phantom (D:7)
  A sky beast (D:6)
  2 black bears (D:6)
  An orc warrior (D:7)
  A centaur (D:7)
  A necrophage (D:6)
  A bullfrog (D:6)
  A gnoll sergeant (D:7)
  A big kobold (D:7)
  A scorpion (D:7)
  A water moccasin skeleton (D:5)
  A howler monkey (D:4)
  3 crimson imps
  A quasit (D:6)
  4 hounds
  3 orc priests
  A gnoll shaman (D:7)
  2 bullfrog skeletons
  4 worker ants
  An iguana (D:5)
  6 orc wizards
  A hound skeleton (D:6)
  An adder (D:3)
  4 gnolls (D:7)
  A howler monkey skeleton (D:7)
  A shadow imp (D:6)
  An ooze (D:1)
  An adder skeleton (D:4)
  2 worms
  4 leopard geckos
  14 orcs
  2 giant cockroaches
  5 goblins
  9 hobgoblins
  9 jackals
  12 kobolds
  2 quokkas
  A ball python (D:1)
  11 bats
  4 frilled lizards
  3 jackal skeletons
  A leopard gecko zombie (D:5)
  2 quokka skeletons (D:4)
  11 rats
155 creatures vanquished.

Notes
Turn   | Place    | Note
-------+----------+-------------------------------------------
     0 | D:1      | Hebeh the Minotaur Fighter began the quest for the Orb.
     0 | D:1      | Reached XP level 1. HP: 19/19 MP: 0/0
    88 | D:1      | Reached XP level 2. HP: 27/27 MP: 1/1
   390 | D:1      | Reached skill level 3 in Axes
   555 | D:1      | Reached XP level 3. HP: 30/33 MP: 2/2
   991 | D:3      | You fall through a shaft for 3 floors!
  1019 | D:6      | Reached XP level 4. HP: 40/41 MP: 3/3
  1035 | D:5      | Entered Level 5 of the Dungeon
  1052 | D:5      | Reached skill level 4 in Axes
  1054 | D:5      | Found a sparkling altar of Nemelex Xobeh.
  1063 | D:5      | Reached XP level 5. HP: 43/47 MP: 4/4
  1178 | D:5      | Noticed an ice beast
  1182 | D:5      | Killed an ice beast
  1240 | D:5      | Reached skill level 5 in Fighting
  1240 | D:5      | Reached skill level 5 in Axes
  1240 | D:5      | Reached XP level 6. HP: 56/56 MP: 5/5
  1369 | D:5      | Found a shimmering altar of Xom.
  1420 | D:5      | Reached skill level 5 in Armour
  1420 | D:5      | Reached skill level 5 in Shields
  1702 | D:5      | Reached skill level 6 in Axes
  1702 | D:5      | Reached XP level 7. HP: 58/61 MP: 6/6
  1711 | D:5      | Found a deep blue altar of Sif Muna.
  1717 | D:5      | Found a glowing silver altar of Zin.
  2535 | D:3      | Noticed Sigmund
  2543 | D:3      | Killed Sigmund
  2543 | D:3      | Reached skill level 7 in Axes
  2637 | D:3      | Found a blossoming altar of Fedhas.
  2940 | D:4      | Found a staircase to the Ecumenical Temple.
  2970 | D:4      | Reached XP level 8. HP: 64/70 MP: 7/7
  3047 | Temple   | Entered the Ecumenical Temple
  3084 | Temple   | Became a worshipper of Trog the Wrathful
  3583 | D:4      | Found an ancient bone altar of Kikubaaqudgha.
  3586 | D:4      | Found a white marble altar of Elyvilon.
  3589 | D:4      | Found a hazy altar of Hepliaklqana.
  3674 | D:4      | Reached skill level 8 in Axes
  4044 | D:6      | Found a shimmering altar of Xom.
  4081 | D:6      | Found Bitij's Food Emporium.
  4130 | D:6      | Reached skill level 9 in Axes
  4145 | D:6      | Reached XP level 9. HP: 79/79 MP: 8/8
  4146 | D:6      | Found a bloodstained altar of Trog.
  4155 | D:6      | Found a snail-covered altar of Cheibriados.
  4192 | D:6      | Found Danaofaydd's Book Emporium.
  4197 | D:6      | Found Uthriepa's Book Shop.
  4611 | D:6      | Found Waffoepa's Weapon Boutique.
  4660 | D:6      | Found Zudita's Weapon Shoppe.
  4735 | D:7      | Reached skill level 1 in Slings
  4735 | D:7      | Reached skill level 1 in Evocations
  4747 | D:7      | Reached skill level 10 in Axes
  5027 | D:7      | Reached * piety under Trog
  5395 | D:7      | Mangled by an orc warrior

Vault maps used:
D:1:      ncdulo_watergridlock
D:2:      minmay_misc_feat_encased
D:3:      overflow_temple_1_default, uniq_sigmund
D:4:      grunt_temple_overflow_diamond, minmay_temple_entry_statues_pillars,
          serial_bayou_pond_d, dk_noncrumbling_2
D:5:      nemelex_xobeh_ov_fountains_minmay, amethyst_overflow_temple_binary,
          lemuel_round_altar, first_ration
D:6:      serial_shops, nicolae_shop_window_shopping, shop, shop,
          kennysheep_mini, nicolae_shop_behind_doors, hangedman_feature_mirror,
          trog_ov_bears_minmay
D:7:      kennysheep_housing_project
Temple:   nicolae_temple_hex_pool

Skill      XL: |  1  2  3  4  5  6  7  8  9 |
---------------+----------------------------+-----
Fighting       | 4 5 6 7 8 |  8.3
Shields        | 4 5 6 7 8 |  8.2
Axes           | 3 4 5 6 7 9 10 | 10.5
Armour         | 4 5 6 7 8 |  8.2
Slings         | 2 |  2.7
Evocations     | 2 |  2.3

Action                   |  1- 3 |  4- 6 |  7- 9 || total
-------------------------+-------+-------+-------++-------
Melee: War axe           |    83 |    41 |   260 ||   384
       Headbutt          |    12 |     7 |    47 ||    66
  Use: Scroll            |       |       |     9 ||     9
  Eat: Chunk             |       |     3 |    14 ||    17
Armor: Scale mail        |    62 |    18 |    59 ||   139
Dodge: Dodged            |    40 |    13 |   112 ||   165
Block: Shield            |    54 |    22 |   159 ||   235

Table legend:
 A = Spawn XP
 B = Non-spawn XP
 C = Spawn XP percentage of total XP
 D = Spawn monster count
 E = Non-spawn monster count
 F = Spawn count percentage of total count
 G = Total turns spent on level
                    A         B        C        D         E        F      G
               +---------+---------+-------+---------+---------+-------+---------
         Total |       0 |    5397 |   0.0 |       0 |     155 |   0.0 |  5395
               +---------+---------+-------+---------+---------+-------+---------
           D:1 |       0 |      42 |   0.0 |       0 |      25 |   0.0 |   570
           D:2 |       0 |      38 |   0.0 |       0 |      20 |   0.0 |   438
           D:3 |       0 |     263 |   0.0 |       0 |      14 |   0.0 |   691
           D:4 |       0 |    1108 |   0.0 |       0 |      24 |   0.0 |  1272
           D:5 |       0 |     793 |   0.0 |       0 |      16 |   0.0 |  1088
           D:6 |       0 |     965 |   0.0 |       0 |      19 |   0.0 |   844
           D:7 |       0 |    2188 |   0.0 |       0 |      37 |   0.0 |   422
               +---------+---------+-------+---------+---------+-------+---------
